 Dungeon Crawl Stone Soup version 0.30.0-15-g856e2d3f33 (webtiles) character file.

Game seed: 5136716698059079680

22 VictoriousLee the Gusty (level 2, 0/15 HPs)
             Began as a Tengu Air Elementalist on May 19, 2023.
             Succumbed to an adder's poison
             ... on level 2 of the Dungeon.
             The game lasted 00:06:56 (1084 turns).

VictoriousLee the Gusty (Tengu Air Elementalist)    Turns: 1084, Time: 00:06:56

Health: 0/15       AC:  2    Str:  8    XL:     2   Next: 91%
Magic:  5/6        EV: 12    Int: 15    God:
Gold:   44         SH:  0    Dex: 14    Spells: 4/5 levels left

rFire   . . .        p - +0 rapier
rCold   . . .        (no shield)
rNeg    . . .        a - +0 robe
rPois   .            (helmet restricted)
rElec   .            (no cloak)
rCorr   .            (no gloves)
SInv    .            (boots unavailable)
Will    .....        (no amulet)
Stlth   ++           (no ring)
HPRegen 0.22/turn    (no ring)
MPRegen 0.10/turn

%: no passive effects
@: lethally poisoned (0 -> -6)
A: beak, talons 3
a: no special abilities


You were on level 2 of the Dungeon.
You visited 1 branch of the dungeon, and saw 2 of its levels.

You collected 44 gold pieces.

Inventory:

Hand Weapons
 k - a +0 club
 p - a +0 rapier (weapon)
Missiles
 i - 10 poisoned darts
Armour
 a - a +0 robe (worn)
 f - a +0 leather armour
Scrolls
 c - a scroll of immolation {unknown}
 d - a scroll of teleportation {unknown}
 e - 2 scrolls of identify {unknown}
 g - a scroll of blinking {unknown}
 h - 3 scrolls of poison {unknown}
 j - a scroll of fear {unknown}
 o - 2 scrolls of noise {unknown}
 q - a scroll of summoning {unknown}
Potions
 l - a potion of invisibility {unknown}
 m - a potion of curing {unknown}
 n - a potion of mutation {unknown}


   Skills:
 + Level 0.1 Short Blades
 + Level 0.2 Maces & Flails
 + Level 0.1(0.2) Staves
 + Level 0.1 Ranged Weapons
 + Level 0.1 Armour
 - Level 2.1 Dodging
 - Level 2.0 Stealth
 + Level 0.2 Shields
 + Level 0.3 Unarmed Combat
 - Level 2.0 Spellcasting
 - Level 3.0 Conjurations
 + Level 0.5 Summonings
 - Level 4.0 Air Magic
 + Level 0.2 Poison Magic


You had 4 spell levels left.
You knew the following spells:

 Your Spells              Type           Power      Damage    Failure   Level
a - Shock                 Conj/Air       48%        1d6       5%          1

Your spell library contained the following spells:

 Spells                   Type           Power      Damage    Failure   Level
 Static Discharge         Conj/Air       24%        2-3/arc   8%          2
 Swiftness                Air            13%        N/A       13%         3
 Airstrike                Air            6%         2d(1-17)  38%         4


Dungeon Overview and Level Annotations

Branches:
Dungeon (2/15)

Altars:

Shops:
D:1 ?


Innate Abilities, Weirdness & Mutations

You have a beak for a mouth.
You have claws for feet.


Message History

The adder is severely wounded.
The adder barely misses you.
You barely miss the adder.
The adder is severely wounded.
The adder misses you. The adder bites you but does no damage.
Your magical contamination has completely faded away.
Casting: Shock (safe; 5% risk of failure)
Confirm with . or Enter, or press ? or * to list all spells.
You don't know that spell.
Unknown command.
Casting: Shock (safe; 5% risk of failure)
Confirm with . or Enter, or press ? or * to list all spells.
You don't know that spell.
Unknown command.
Casting: Shock (safe; 5% risk of failure)
Confirm with . or Enter, or press ? or * to list all spells.
Aiming: Shock (safe; 5% risk of failure)
Press: ? - help, Shift-Dir - straight line The zap hits the adder.
The adder is almost dead.
The zap misses the adder.
The adder closely misses you. The adder attacks as you move away!
The adder barely misses you. The adder attacks as you move away!
The adder barely misses you. The adder completely misses you.
The adder attacks as you move away! The adder bites you.
* * * LOW HITPOINT WARNING * * *
Magic courses through your body. The adder bites you.
* * * LOW HITPOINT WARNING * * *
The adder attacks as you move away! The adder bites you but does no damage.
The adder bites you.
* * * LOW HITPOINT WARNING * * *
You are lethally poisoned!
The adder poisons you!
Casting: Shock (safe; 5% risk of failure)
Confirm with . or Enter, or press ? or * to list all spells.
Aiming: Shock (safe; 5% risk of failure)
Press: ? - help, Shift-Dir - straight line The zap misses the adder.
The zap hits the adder.
You kill the adder!
You die...

#........#
#........#
#........#######
#.!......$.....#
#........#
#........#
##########.#######
#.................
#.#....@##.#######
#....##(##...#
#.####.##.##...#
#..........#...#
#######.#####.###
..............#
#######.#######
#.........#
#.........#


There were no monsters in sight!

Vanquished Creatures
  An adder (D:2)
  2 dart slugs (D:1)
  2 ball pythons (D:1)
  2 giant cockroaches (D:1)
  A goblin (D:1)
  2 hobgoblins
  5 bats
  2 frilled lizards (D:1)
  3 rats (D:1)
20 creatures vanquished.

Notes
Turn   | Place    | Note
-------+----------+-------------------------------------------
     0 | D:1      | VictoriousLee the Tengu Air Elementalist began the quest
                  | for the Orb.
     0 | D:1      | Reached XP level 1. HP: 10/10 MP: 4/4
   256 | D:1      | Reached XP level 2. HP: 15/15 MP: 4/6
   303 | D:1      | Found a faded altar of an unknown god.
   751 | D:1      | Found Nailuare's Magic Scroll Shoppe.
  1084 | D:2      | Succumbed to an adder's poison

Illustrated notes

Levels and vault maps discovered:
D:1:      minmay_arrival_split_and_join, layout_loops_ring,
          basic_ecumenical_altar, serial_shops, nicolae_square_shop
D:2:      layout_basic, basic_altar, dk_noncrumbling_4

Skill      XL: |  1  2 |
---------------+-------+-----
Conjurations   | 2 3 |  3.0
Short Blades   | |  0.1
Maces & Flails | |  0.2
Staves         | |  0.1
Ranged Weapons | |  0.1
Armour         | |  0.1
Dodging        | |  2.1
Stealth        | |  2.0
Shields        | |  0.2
Unarmed Combat | |  0.3
Spellcasting   | |  2.0
Summonings     | |  0.5
Air Magic      | |  4.0
Poison Magic   | |  0.2

Action                     || total
---------------------------++-------
  Melee: Rapier            ||     3
   Cast: Shock             ||    43
    Use: Potion            ||     1
 Armour: Robe              ||     7
  Dodge: Dodged            ||    19
